[Event "Team 45 45 League T78"]
[Site "Internet Chess Club"]
[Date "2018.10.11"]
[Round "4"]
[White "fishhead"]
[Black "PolishRyszard"]
[Result "1-0"]
[WhiteElo "1748"]
[BlackElo "1827"]
[Opening "Robatsch (modern) defense"]
[ECO "B06"]
[Time "17:00:39"]
[TimeControl "2700+45"]

1. e4 g6 2. f4 Bg7 3. Nf3 c6 4. d4 d5 5. e5 Bg4 6. h3 Bxf3 7. Qxf3 c5 8. dxc5
Qa5+ 9. Qc3 Qc7 10. Bb5+ Nc6 11. O-O e6 12. Be3 Ne7 13. Nd2 O-O 14. Nf3 f6 15.
Nd4 Nd8 16. exf6 Bxf6 17. Rae1 Rc8 18. Qd3 Bxd4 19. Bxd4 Rxf4 20. Rxf4 Qxf4 21.
Bd7 Ra8 22. Bxe6+ Nxe6 23. Rxe6 Nc6 24. Be3 Qf7 25. Qxd5 Nb4 26. Qe4 Nxc2 27.
Re7 Qf6 28. Re8+ Rxe8 29. Qxe8+ Qf8 30. Qxf8+ Kxf8 31. Kf2 Nb4 32. Ke2 Ke7 33.
a3 Nc6 34. Kd3 Ke6 35. Ke4 a6 36. b4 Ne7 37. a4 Nd5 38. Bd2 Nc7 39. Kd4 Kf5 40.
g4+ Ke6 41. Kc4 Ke5 42. b5 axb5+ 43. axb5 Nd5 44. Bg5 Nc7 45. Bd8 Ne6 46. Be7
Ke4 47. c6 bxc6 48. b6 Nf4 49. b7 Nd5 50. b8=Q Nxe7 51. Qe8 {Black resigns} 1-0

[Event "Team 45 45 League T78"]
[Site "Internet Chess Club"]
[Date "2018.10.13"]
[Round "4"]
[White "Goli"]
[Black "ChessRooklift"]
[Result "1-0"]
[WhiteElo "1675"]
[BlackElo "1668"]
[Opening "Petrov's defense"]
[ECO "C42"]
[Time "17:04:02"]
[TimeControl "2700+45"]

1. e4 e5 2. Nf3 Nf6 3. Nxe5 Qe7 4. d4 d6 5. Nf3 Bg4 6. Nc3 c6 7. Bg5 Nbd7 8. Bd3
O-O-O 9. Qe2 h6 10. Bh4 g5 11. Bg3 Nh5 12. h3 Nxg3 13. fxg3 Bh5 14. g4 Bg6 15.
O-O-O Bg7 16. Rhe1 Rhe8 17. Qf1 Qf8 18. Qf2 Kb8 19. Qg3 Ka8 20. e5 dxe5 21. Bxg6
fxg6 22. dxe5 Nc5 23. Rxd8+ Rxd8 24. Qf2 Ne6 25. Ne4 Qf4+ 26. Ned2 Qa4 27. Re3
Qf4 28. g3 Qf7 29. Ra3 c5 30. Qe3 Kb8 31. b4 b6 32. bxc5 Nxc5 33. Ne4 Qc4 34.
Nxc5 bxc5 35. Qb3+ Qxb3 36. Rxb3+ Kc7 37. Ra3 Kb6 38. c4 h5 39. gxh5 gxh5 40. g4
hxg4 41. hxg4 Re8 42. Re3 Kc6 43. Kc2 Rf8 44. Kd3 Kd7 45. Ke2 Rf4 46. Ra3 Bxe5
47. Nxe5+ Kd6 48. Nf3 Re4+ 49. Kd3 Rxg4 50. Rxa7 Rf4 51. Nxg5 Rd4+ 52. Kc3 Rg4
53. Ra6+ Ke5 54. Rc6 Rg3+ 55. Kb2 Kd4 56. Ne6+ Kxc4 57. Rxc5+ Kb4 58. Rc2 Rh3
59. Nf4 Rg3 60. Nd5+ Ka4 61. Nc3+ Kb4 62. a3+ Ka5 63. Kb3 Rh3 64. Rd2 Kb6 65.
Rd4 Ka5 66. a4 Rf3 67. Rc4 Rh3 68. Rc5+ Kb6 69. Kb4 Rh2 70. a5+ Ka6 71. Rc6+ Kb7
72. Rb6+ Ka7 73. Nb5+ Ka8 74. Ra6+ Kb7 75. Ra7+ Kb8 76. Rg7 Rb2+ 77. Kc5 Ra2 78.
Kb6 {Black resigns} 1-0

[Event "Team 45 45 League T78"]
[Site "Internet Chess Club"]
[Date "2018.10.14"]
[Round "4"]
[White "ascoli"]
[Black "zap2"]
[Result "1-0"]
[WhiteElo "1743"]
[BlackElo "1597"]
[Opening "Philidor: Nimzovich, Lärobok variation"]
[ECO "B07"]
[Time "05:06:30"]
[TimeControl "2700+45"]

1. e4 d6 2. d4 Nf6 3. Nc3 e5 4. Nf3 Nbd7 5. Bc4 Be7 6. Ng5 O-O 7. Bxf7+ Rxf7 8.
Ne6 Qe8 9. Nxc7 Qd8 10. Nxa8 b6 11. dxe5 dxe5 12. Be3 Ba6 13. Nxb6 Nxb6 14.
Qxd8+ Bxd8 15. O-O-O Be7 16. f3 Bc4 17. b3 Ba3+ 18. Kb1 Be6 19. Nb5 Bf8 20. Nxa7
Rxa7 21. Bxb6 Rb7 22. Be3 Nd7 23. Rd3 Bc4 24. Rxd7 Rxd7 25. bxc4 Ba3 26. Bc1 Bc5
27. a3 Rd4 28. Be3 Rxc4 29. Bxc5 Rxc5 30. Rd1 Kf7 31. Kb2 Rc6 32. a4 Ra6 33. Ka3
Rc6 34. Rd2 Ke6 35. Kb4 Rb6+ 36. Kc5 {Black resigns} 1-0

[Event "Team 45 45 League T78"]
[Site "Internet Chess Club"]
[Date "2018.10.13"]
[Round "4"]
[White "fledermaus"]
[Black "janh"]
[Result "1/2-1/2"]
[WhiteElo "1827"]
[BlackElo "1928"]
[Opening "Queen's pawn game"]
[ECO "D02"]
[Time "14:09:36"]
[TimeControl "2700+45"]

1. Nf3 d5 2. d4 Bf5 3. c4 e6 4. Nc3 c6 5. Qb3 Qb6 6. c5 Qxb3 7. axb3 Nd7 8. b4
Ngf6 9. Bf4 Be7 10. h3 O-O 11. b5 cxb5 12. Nxb5 a6 13. Nd6 Bxd6 14. Bxd6 Rfc8
15. e3 b6 16. Bxa6 bxc5 17. O-O Rxa6 18. Rxa6 Bd3 19. Rfa1 Bxa6 20. Rxa6 c4 21.
Nd2 h6 {Game drawn by mutual agreement} 1/2-1/2

[Event "Team 45 45 League T78"]
[Site "Internet Chess Club"]
[Date "2018.10.14"]
[Round "4"]
[White "primerpaso"]
[Black "LookImYourVader"]
[Result "0-1"]
[WhiteElo "1778"]
[BlackElo "1849"]
[Opening "English opening"]
[ECO "A17"]
[Time "17:33:08"]
[TimeControl "2700+45"]

1. c4 Nf6 2. Nc3 e6 3. g3 d5 4. cxd5 exd5 5. d4 c6 6. Bg2 Bd6 7. Nf3 O-O 8. O-O
Re8 9. a3 Bf5 10. b4 Nbd7 11. Bb2 a5 12. b5 Nb6 13. Nd2 Qd7 14. a4 Bh3 15. Re1
Bxg2 16. Kxg2 Bb4 17. Qc2 cxb5 18. Nxb5 Rac8 19. Bc3 Rxc3 20. Nxc3 Rc8 {White
forfeits on time} 0-1

[Event "Team 45 45 League T78"]
[Site "Internet Chess Club"]
[Date "2018.10.11"]
[Round "4"]
[White "chessabc"]
[Black "Portola"]
[Result "1/2-1/2"]
[WhiteElo "1773"]
[BlackElo "1783"]
[Opening "Levitsky attack (Queen's bishop attack)"]
[ECO "D00"]
[Time "19:32:27"]
[TimeControl "2700+45"]

1. d4 d5 2. Bg5 Nf6 3. Nd2 Nbd7 4. e3 e6 5. Bd3 Be7 6. c3 O-O 7. h4 e5 8. dxe5
Nxe5 9. Bc2 b6 10. f4 Neg4 11. Qe2 Re8 12. O-O-O Bc5 13. Bxf6 Qxf6 14. Qd3 g6
15. Nh3 Bb7 16. Nf1 Nxe3 17. Nxe3 Rxe3 18. Qf1 a5 19. h5 Ba6 20. Bd3 Bxd3 21.
Rxd3 Qf5 22. Kd2 Rae8 23. hxg6 fxg6 24. g3 Qe4 25. Rh2 Qc4 26. b3 Qe4 27. Ng5
Rxd3+ 28. Qxd3 Qxd3+ 29. Kxd3 h5 30. Rg2 Kg7 31. Kc2 Re7 32. Nf3 Kf6 33. Ne5 Bd6
34. Nc6 Re4 35. Kd3 Re6 36. Nd4 Re8 37. Nb5 Re6 38. Nd4 Re8 39. Nb5 Re6 {Game
drawn by mutual agreement} 1/2-1/2

[Event "Team 45 45 League T78"]
[Site "Internet Chess Club"]
[Date "2018.10.16"]
[Round "4"]
[White "kabindra"]
[Black "elmaestro"]
[Result "1-0"]
[WhiteElo "1697"]
[BlackElo "1682"]
[Opening "Sicilian: closed"]
[ECO "B23"]
[Time "10:14:20"]
[TimeControl "2700+45"]

1. e4 c5 2. Nc3 d6 3. f4 g6 4. Nf3 Bg7 5. Bc4 e6 6. O-O Ne7 7. Qe1 O-O 8. d3
Nbc6 9. f5 gxf5 10. Qh4 fxe4 11. dxe4 Ng6 12. Qh3 Nce5 13. Nxe5 Bxe5 14. Bh6 Bg7
15. Be3 Bd7 16. Qh5 a6 17. Bg5 f6 18. Be3 Qe7 19. Rf3 b5 20. Rh3 Bh8 21. Nd5 Qf7
22. Rf1 bxc4 23. Rxf6 exd5 24. Rxf7 Rxf7 25. Qxd5 Rf8 26. Rf3 Ne5 27. Rg3+ Bg7
28. Bh6 Kh8 29. Bxg7+ Rxg7 30. Qxd6 Rxg3 31. Qxf8+ Rg8 32. Qf6+ Rg7 33. Qxe5 Bh3
34. Qe8+ Rg8 35. Qxg8+ Kxg8 36. gxh3 Kf7 37. Kg2 Ke6 38. Kf3 Ke5 39. Ke3 a5 40.
a4 {Black forfeits on time} 1-0

[Event "Team 45 45 League T78"]
[Site "Internet Chess Club"]
[Date "2018.10.14"]
[Round "4"]
[White "gnat"]
[Black "janh"]
[Result "1/2-1/2"]
[WhiteElo "2002"]
[BlackElo "1932"]
[Opening "Richter-Veresov attack"]
[ECO "D01"]
[Time "14:03:13"]
[TimeControl "2700+45"]

1. d4 d5 2. Nc3 Nf6 3. Bg5 c6 4. Qd3 Nbd7 5. e4 dxe4 6. Nxe4 Nxe4 7. Qxe4 Qb6 8.
O-O-O Qa5 9. Nf3 Qxa2 10. Bd3 e6 11. c3 Qd5 12. Qe2 Nf6 13. Bc4 Qe4 14. Qd2 Be7
15. Rde1 Qf5 16. Bd3 Qa5 17. Kb1 b5 18. Ne5 Bd7 19. Re2 b4 20. c4 Qa4 21. Nxd7
Kxd7 22. d5 cxd5 23. Bxf6 gxf6 24. cxd5 e5 25. Bf5+ Ke8 26. Re4 Rd8 27. Rc4 Qb5
28. Qc1 Qxd5 29. Be4 Qd2 30. Qxd2 Rxd2 31. Rc8+ Bd8 32. Ra8 a5 33. Rc1 Kf8 34.
Rcc8 Kg7 35. Kc1 Rd6 36. Kc2 Rf8 {Game drawn by mutual agreement} 1/2-1/2

[Event "Team 45 45 League T78"]
[Site "Internet Chess Club"]
[Date "2018.10.16"]
[Round "4"]
[White "primerpaso"]
[Black "Percival"]
[Result "0-1"]
[WhiteElo "1773"]
[BlackElo "2065"]
[Opening "English opening"]
[ECO "A16"]
[Time "07:15:33"]
[TimeControl "2700+45"]

1. c4 Nf6 2. Nc3 c6 3. g3 d5 4. cxd5 cxd5 5. d4 Nc6 6. Bg2 e6 7. Nf3 Bd6 8. O-O
h6 9. Bf4 O-O 10. Ne5 Bxe5 11. Bxe5 Bd7 12. Qd2 Qe7 13. h3 Rac8 14. Rfd1 Rfd8
15. Bf4 Be8 16. Rac1 Nh5 17. Be3 Nf6 18. f4 Nd7 19. Bf2 f5 20. g4 Nf6 21. gxf5
exf5 22. Bh4 Bf7 23. Qd3 Qe6 24. Qg3 Rd7 25. Bxf6 Qxf6 26. e3 Re8 27. Rd2 Qd6
28. Nd1 Rde7 29. Bf3 Re6 30. Rg2 Rg6 31. Qf2 Ree6 32. Qc2 Nxd4 33. exd4 Qxf4
{White forfeits on time} 0-1

[Event "Team 45 45 League T78"]
[Site "Internet Chess Club"]
[Date "2018.10.13"]
[Round "4"]
[White "andrew37"]
[Black "ArturitoGalacti"]
[Result "0-1"]
[WhiteElo "1673"]
[BlackElo "1888"]
[Opening "Caro-Kann: anti-Caro-Kann defense"]
[ECO "B10"]
[Time "17:06:15"]
[TimeControl "2700+45"]

1. e4 c6 2. c4 e5 3. Nf3 d5 4. exd5 e4 5. Nd4 cxd5 6. cxd5 Qxd5 7. Nb5 Qe5 8.
Qc2 Na6 9. N1c3 Nf6 10. Bc4 Bc5 11. O-O O-O 12. a3 Ng4 13. g3 Qh5 14. h4 Nxf2
15. Be2 Qe5 16. Kh2 Bf5 17. b4 e3 18. d3 Be7 19. Bb2 Bxh4 20. Ne4 Qb8 21. Qc3 f6
22. Nbd6 Bxe4 23. Qc4+ Kh8 24. Rxf2 Qxd6 25. Rf4 Bd5 26. Qd4 Bg5 27. Rg4 h6 28.
Rh1 Qe5 29. Rf1 Qxd4 30. Rxd4 Rfd8 31. Rc1 Bc6 32. Rxd8+ Rxd8 33. d4 Nc7 34. a4
Nd5 35. b5 Bd7 36. Ba3 Rc8 37. Rxc8+ Bxc8 38. Bf3 Nc3 39. Bb4 Na2 40. Ba3 Be6
41. Kg2 Bc4 42. d5 e2 43. Kf2 Be3+ 44. Ke1 Bd4 45. Bxe2 Bxd5 46. Kd2 Nc3 47. Bd1
Nxd1 48. Kxd1 Bb3+ {White resigns} 0-1

[Event "Team 45 45 League T78"]
[Site "Internet Chess Club"]
[Date "2018.10.11"]
[Round "4"]
[White "HomerSimpson"]
[Black "searchforbobby1"]
[Result "1/2-1/2"]
[WhiteElo "1996"]
[BlackElo "2071"]
[Opening "English opening"]
[ECO "A05"]
[Time "20:09:42"]
[TimeControl "2700+45"]

1. Nf3 Nf6 2. c4 d6 3. d4 g6 4. g3 Bg7 5. Bg2 O-O 6. O-O Nbd7 7. b3 e5 8. dxe5
Ng4 9. Bb2 Ngxe5 10. Nxe5 Nxe5 11. Qd2 Rb8 12. Nc3 Be6 13. Nd5 Re8 14. Rad1 Qc8
15. Rfe1 a6 16. f4 Bxd5 17. cxd5 Ng4 18. Bxg7 Kxg7 19. Qd4+ Kg8 20. e4 Nh6 21.
Rc1 Qd7 22. Rc4 Re7 23. Rec1 Qd8 24. h3 Rd7 25. g4 f6 26. e5 fxe5 27. fxe5 dxe5
28. Qxe5 Nf7 29. Qe6 Re7 30. d6 Qxd6 31. Qxd6 Nxd6 32. Rxc7 Rbe8 33. Rxe7 Rxe7
34. Rd1 Nf7 35. Kf2 Kf8 36. Rd4 Ke8 37. a4 Nd8 38. Re4 Rxe4 39. Bxe4 Ke7 40. Ke3
Kd6 41. h4 b6 42. h5 gxh5 43. gxh5 h6 44. Bd3 a5 45. Kf4 Ke6 46. Ke4 Kf6 47. Kd5
Ke7 48. Bb5 Ne6 49. Kc6 Nd4+ 50. Kxb6 Nxb3 51. Bc4 Nd2 52. Bd3 Kd6 53. Kxa5 Nb3+
54. Kb6 Nc5 55. Bc2 Nxa4+ 56. Bxa4 Ke7 57. Kc7 Kf7 58. Kd7 Kg7 59. Ke7 Kg8 60.
Kf6 Kh7 61. Bc2+ Kh8 62. Kg6 Kg8 63. Kxh6 Kh8 64. Bh7 {Black stalemated} 1/2-1/2

[Event "Team 45 45 League T78"]
[Site "Internet Chess Club"]
[Date "2018.10.12"]
[Round "4"]
[White "Monterrey"]
[Black "charles-allen"]
[Result "1-0"]
[WhiteElo "1984"]
[BlackElo "1823"]
[Opening "Dutch defense, Rubinstein variation"]
[ECO "A40"]
[Time "21:31:53"]
[TimeControl "2700+45"]

1. d4 e6 2. c4 f5 3. Nc3 Nf6 4. e3 Be7 5. Bd3 O-O 6. Nge2 b6 7. Qc2 Bb7 8. f3 d5
9. O-O Nc6 10. a3 Qd7 11. Nf4 Bd6 12. cxd5 Nxd5 13. Nfxd5 exd5 14. Bd2 Rae8 15.
b4 Ne7 16. Nb5 Ba6 17. Nxa7 Bxd3 18. Qxd3 c5 19. bxc5 bxc5 20. dxc5 Bxc5 21. Nb5
f4 22. Nd4 fxe3 23. Bxe3 Nf5 24. Bf2 Re7 25. Nxf5 Bxf2+ 26. Rxf2 Qxf5 27. Qxf5
Rxf5 28. Rd2 Ra7 29. Rd4 Ra5 30. Kf2 Re5 31. a4 Re6 32. Rb1 Rea6 33. Rbb4 Kf7
34. Ke3 Ke6 35. Kd3 Rc6 36. Rb5 Rca6 37. Rxa5 Rxa5 38. Kc3 g5 39. Kb4 Ke5 40.
Rg4 Ra7 41. Rxg5+ Kd4 42. Rg4+ Ke3 43. Kc5 Rd7 44. Kc6 Rd8 45. Kc5 d4 46. Re4+
Kd3 47. a5 Kc3 48. a6 d3 49. Rc4+ Kd2 50. a7 Ke1 51. Re4+ Kf2 52. Rd4 Rxd4 53.
a8=Q d2 54. Qa1 d1=Q 55. Qxd4+ {Black resigns} 1-0

[Event "Team 45 45 League T78"]
[Site "Internet Chess Club"]
[Date "2018.10.13"]
[Round "4"]
[White "Ajolote"]
[Black "laurenpar"]
[Result "0-1"]
[WhiteElo "1869"]
[BlackElo "1891"]
[Opening "French: Chigorin variation"]
[ECO "C00"]
[Time "21:02:06"]
[TimeControl "2700+45"]

1. e4 e6 2. Qe2 Be7 3. Nf3 d5 4. d3 Nf6 5. Bf4 O-O 6. g3 b5 7. Bg2 dxe4 8. dxe4
b4 9. c4 bxc3 10. bxc3 Ba6 11. c4 Nc6 12. O-O Nh5 13. Bd2 Rb8 14. Bc3 Bb4 15.
Rd1 Qe7 16. Ne5 Nxe5 17. Bxe5 g6 18. a3 Bc5 19. Nd2 f6 20. Bc3 e5 21. Bh3 Ng7
22. Nf1 Ne6 23. Ne3 c6 24. Qg4 Nd4 25. Bxd4 exd4 26. Nf5 Qe5 27. Nh4 Bc8 28. Qf3
Bxh3 29. g4 Rb2 30. Qxh3 d3 31. Rf1 Rxf2 {White resigns} 0-1

[Event "Team 45 45 League T78"]
[Site "Internet Chess Club"]
[Date "2018.10.14"]
[Round "4"]
[White "LookImYourVader"]
[Black "nathanpillay"]
[Result "1-0"]
[WhiteElo "1835"]
[BlackElo "1729"]
[Opening "French: exchange variation"]
[ECO "C01"]
[Time "14:30:57"]
[TimeControl "2700+45"]

1. e4 e6 2. d4 d5 3. exd5 exd5 4. Nf3 Nc6 5. h3 Bd6 6. c4 Nf6 7. Nc3 dxc4 8.
Bxc4 O-O 9. O-O Bf5 10. Bg5 Be7 11. Re1 h6 12. Bh4 g5 13. Bg3 Bd6 14. Ne5 Ne7
15. Qb3 Bg6 16. Qxb7 Kg7 17. Qf3 Nf5 18. Rad1 Nxg3 19. Qxg3 Nh5 20. Qf3 Nf4 21.
Nd5 Ne6 22. Nc6 Qd7 23. Nf6 Qc8 24. d5 Nf4 25. Qc3 Kh8 26. Ne8+ f6 27. Nxf6 Qf5
28. Nh5+ Be5 29. Rxe5 Nxh3+ 30. Kh2 {Black resigns} 1-0

[Event "Team 45 45 League T78"]
[Site "Internet Chess Club"]
[Date "2018.10.11"]
[Round "4"]
[White "Ajolote"]
[Black "Chessfish"]
[Result "0-1"]
[WhiteElo "1838"]
[BlackElo "1865"]
[Opening "Ruy Lopez: 5.O-O"]
[ECO "C78"]
[Time "22:17:20"]
[TimeControl "2700+45"]

1. e4 e5 2. Nf3 Nc6 3. Bb5 a6 4. Ba4 Nf6 5. O-O b5 6. Bb3 Bc5 7. d3 d6 8. h3 Bd7
9. c3 O-O 10. Bg5 h6 11. Bh4 Bb6 12. Nbd2 g5 13. Nxg5 hxg5 14. Bxg5 Kg7 15. Kh1
Rh8 16. f4 Bxh3 17. gxh3 Rxh3+ 18. Kg2 Qh8 19. Bxf6+ Kxf6 20. fxe5+ Ke7 21.
Rxf7+ Ke8 22. Qg4 Rh2+ 23. Kg3 Qxe5+ 24. Rf4 Be3 25. Rf1 Rxd2 26. Bf7+ Kd8 27.
Qg8+ Ke7 {White resigns} 0-1

[Event "Team 45 45 League T78"]
[Site "Internet Chess Club"]
[Date "2018.10.16"]
[Round "4"]
[White "DaveTheRook"]
[Black "Portola"]
[Result "1/2-1/2"]
[WhiteElo "1613"]
[BlackElo "1767"]
[Opening "Queen's gambit declined"]
[ECO "D30"]
[Time "19:01:31"]
[TimeControl "2700+45"]

1. d4 d5 2. c4 e6 3. cxd5 exd5 4. Nc3 c6 5. Nf3 Nf6 6. Bg5 Be7 7. e3 Bg4 8. h3
Be6 9. Bd3 Nbd7 10. O-O O-O 11. Qc2 h6 12. Bh4 Re8 13. Rac1 Rc8 14. Qe2 a6 15.
Bg3 c5 16. dxc5 Nxc5 17. Nd4 Bd7 18. Bf5 g6 19. Bxd7 Qxd7 20. Rfd1 Nce4 21. Nxe4
Nxe4 22. Bf4 Kg7 23. Be5+ f6 24. Bh2 Rxc1 25. Rxc1 Rc8 26. Rxc8 Qxc8 27. Qc2
Qxc2 28. Nxc2 Kf7 29. Bc7 Bc5 30. Kf1 Ke7 31. Ke2 Kd7 32. Ba5 b6 33. Be1 a5 34.
f3 Nd6 35. Nd4 {Game drawn by mutual agreement} 1/2-1/2

[Event "Team 45 45 League T78"]
[Site "Internet Chess Club"]
[Date "2018.10.14"]
[Round "4"]
[White "misuc56"]
[Black "pokerram"]
[Result "1/2-1/2"]
[WhiteElo "1478"]
[BlackElo "1591"]
[Opening "QGD Slav defense"]
[ECO "D10"]
[Time "12:01:14"]
[TimeControl "2700+45"]

1. d4 d5 2. c4 c6 3. e3 Nf6 4. Nc3 e6 5. Bd2 dxc4 6. Bxc4 b5 7. Be2 Bb7 8. Nf3
Nbd7 9. O-O a6 10. a3 Bd6 11. h3 O-O 12. Nh2 e5 13. dxe5 Nxe5 14. Nf3 Re8 15.
Rc1 Rc8 16. Nxe5 Bxe5 17. Bf3 Rc7 18. Qe2 c5 19. Bxb7 Rxb7 20. Rfd1 c4 21. Be1
Qb8 22. Qf3 Bxc3 23. bxc3 Ne4 24. Rd4 Nc5 25. Rcd1 Nd3 26. Bd2 Rb6 27. Qg3 Qa8
28. Rg4 g6 29. f4 Re4 30. Qf3 Qe8 31. Rg3 Rf6 32. h4 Ne5 33. Qe2 Nd3 34. Rf1
Nxf4 35. Qd1 Nd5 36. Rxf6 Nxf6 37. Rf3 Ng4 38. Qe2 Qe5 39. g3 Qd5 40. Rf4 Rxf4
41. exf4 Qc5+ 42. Kg2 Qd5+ 43. Kg1 Qc5+ 44. Kg2 Qc6+ 45. Qf3 Qd7 46. Qe2 Qd5+
47. Kg1 Qc5+ {Game drawn by repetition} 1/2-1/2

[Event "Team 45 45 League T78"]
[Site "Internet Chess Club"]
[Date "2018.10.13"]
[Round "4"]
[White "liujf"]
[Black "g8wrb"]
[Result "1-0"]
[WhiteElo "1568"]
[BlackElo "1283"]
[Opening "French: Tarrasch, closed variation, main line"]
[ECO "C06"]
[Time "10:06:26"]
[TimeControl "2700+45"]

1. e4 e6 2. d4 d5 3. Nd2 Nf6 4. e5 Nfd7 5. Bd3 c5 6. c3 Nc6 7. Ne2 cxd4 8. cxd4
Be7 9. O-O O-O 10. Nf3 f6 11. exf6 Bxf6 12. Bd2 Rf7 13. Qc2 Nf8 14. Rac1 Bd7 15.
Bf4 Qe7 16. Bg3 Nb4 17. Qb3 Nxd3 18. Qxd3 Rc8 19. Nc3 a6 20. Rfe1 Qb4 21. Qd2
Rc4 22. b3 Rc6 23. Nxd5 Qxd2 24. Nxf6+ Rxf6 25. Nxd2 Ng6 26. Ne4 Rf7 27. Nd6
Rxc1 28. Rxc1 Rf8 29. Nxb7 Nf4 30. Kf1 Bb5+ 31. Rc4 Bxc4+ 32. bxc4 Rb8 33. Bxf4
Rxb7 34. c5 Rb2 35. c6 Rc2 36. c7 Kf7 37. Ke1 Ke7 38. Kd1 Rc6 39. Kd2 Kd7 40.
Kd3 Rc1 41. Bxc1 Kxc7 42. Ba3 Kc6 43. Ke4 Kb5 44. Ke5 Kc4 45. Bc5 a5 {Black
resigns} 1-0

[Event "Team 45 45 League T78"]
[Site "Internet Chess Club"]
[Date "2018.10.14"]
[Round "4"]
[White "scostanzo212"]
[Black "ChessMaine"]
[Result "0-1"]
[WhiteElo "1525"]
[BlackElo "1524"]
[Opening "QGD: exchange, positional line"]
[ECO "D35"]
[Time "20:01:38"]
[TimeControl "2700+45"]

1. d4 d5 2. c4 e6 3. Nc3 Nf6 4. cxd5 exd5 5. Bg5 Be7 6. e3 O-O 7. Bd3 c6 8. Nge2
Bg4 9. Qc2 Nbd7 10. O-O-O Rc8 11. f3 Be6 12. Kb1 c5 13. dxc5 Rxc5 14. Nd4 a6 15.
Qd2 b5 16. Rc1 Nb6 17. b3 Rc8 18. Qb2 Nfd7 19. Bxe7 Qxe7 20. Nce2 Ne5 21. Rxc8
Rxc8 22. Qd2 Nxd3 23. Qxd3 Qb4 24. Nc2 Qe7 25. Ncd4 Qb4 26. Nc2 Qe7 27. Ned4 Bd7
28. Qd2 Qc5 29. Rc1 f6 30. Kb2 Be8 31. Ne2 Bg6 32. Ncd4 Qd6 33. Rxc8+ Nxc8 34.
Nf4 Ne7 35. Qa5 Nf5 36. Qd2 Qe5 37. e4 Qxd4+ 38. Qxd4 Nxd4 39. exd5 Be8 40. Kc3
Nf5 41. Kb4 Bd7 42. Kc5 Kf7 43. Kb6 Ke7 44. Kxa6 Kd6 45. g4 Ne7 46. Nh5 Nxd5 47.
Nxg7 Nb4+ 48. Ka5 Nxa2 49. Nf5+ Bxf5 50. gxf5 Kc5 51. h4 Nc1 52. b4+ Kc4 53. Kb6
Nd3 54. Kc6 Nxb4+ 55. Kd6 Nd5 56. Ke6 b4 57. Kf7 b3 58. h5 b2 59. Kg7 b1=Q 60.
Kxh7 Qxf5+ {White resigns} 0-1

[Event "Team 45 45 League T78"]
[Site "Internet Chess Club"]
[Date "2018.10.14"]
[Round "4"]
[White "losscause"]
[Black "ryanfu2008"]
[Result "1/2-1/2"]
[WhiteElo "1450"]
[BlackElo "1489"]
[Opening "King's Indian: East Indian defense"]
[ECO "A48"]
[Time "18:03:08"]
[TimeControl "2700+45"]

1. d4 Nf6 2. Nf3 g6 3. Nc3 d5 4. Bg5 Ne4 5. Nxe4 dxe4 6. Nh4 Bg7 7. Qd2 Qxd4 8.
Qxd4 Bxd4 9. c3 Bg7 10. g3 O-O 11. Bxe7 Re8 12. Bc5 Nc6 13. O-O-O Bh6+ 14. Kc2
Be6 15. b3 Rad8 16. Ng2 Rxd1 17. Kxd1 Rd8+ 18. Kc2 Rd2+ 19. Kb1 Bf5 20. Ne3 Bg7
21. Nxf5 gxf5 22. Be3 Rd7 23. Kc2 Ne5 24. Bh3 Ng4 25. Bxg4 fxg4 26. h3 h5 27.
hxg4 hxg4 28. Rh4 f5 29. Rh1 a6 30. a4 c6 31. Rh5 Rf7 32. Rh1 Kf8 33. Rd1 Ke8
34. Bb6 Rd7 35. Rh1 Kf7 36. Be3 Kg6 37. Bf4 b5 38. axb5 cxb5 39. Ra1 Ra7 40. b4
Bf6 41. Rd1 Be7 42. Rh1 Bf6 {Game drawn by mutual agreement} 1/2-1/2

[Event "Team 45 45 League T78"]
[Site "Internet Chess Club"]
[Date "2018.10.11"]
[Round "4"]
[White "chessabc"]
[Black "Goli"]
[Result "1-0"]
[WhiteElo "1772"]
[BlackElo "1637"]
[Opening "Trompowsky attack (Ruth, Opocenský opening)"]
[ECO "A45"]
[Time "13:04:46"]
[TimeControl "2700+45"]

1. d4 Nf6 2. Bg5 Ne4 3. Bh4 c5 4. f3 g5 5. fxe4 gxh4 6. e3 e6 7. Bd3 Qg5 8. Qf3
cxd4 9. Nh3 Qxe3+ 10. Qxe3 dxe3 11. O-O Bc5 12. Be2 Rg8 13. Nc3 a6 14. Rf3 Nc6
15. Raf1 Ne5 16. Rf4 d5 17. Kh1 d4 18. Nd1 b5 19. Rxh4 Bb7 20. Ng1 f5 21. Bh5+
Kd8 22. Bf3 Nxf3 23. gxf3 d3 24. cxd3 Rg7 25. Ne2 Kd7 26. d4 fxe4 27. fxe4 Be7
28. Rhf4 Rf8 29. Nxe3 Bd6 30. Rxf8 Bxe4+ 31. R8f3 Rf7 32. Kg2 Bxh2 33. Ng3 Bxg3
34. Kxg3 Rg7+ 35. Kf2 Bxf3 36. Kxf3 Kd6 37. Ke4 h5 38. Rf6 Ke7 39. Rh6 Rg5 40.
Kf4 Rg1 41. Rxh5 Rb1 42. Rh2 Kd6 43. Ke4 Re1 44. Kd3 a5 45. Rh5 {Black resigns}
1-0

[Event "Team 45 45 League T78"]
[Site "Internet Chess Club"]
[Date "2018.10.13"]
[Round "4"]
[White "Egmont"]
[Black "Timotheous"]
[Result "0-1"]
[WhiteElo "1669"]
[BlackElo "1727"]
[Opening "Benkö gambit"]
[ECO "A57"]
[Time "07:30:51"]
[TimeControl "2700+45"]

1. d4 Nf6 2. c4 c5 3. d5 b5 4. Qc2 bxc4 5. e4 d6 6. Bxc4 Nbd7 7. Nf3 g6 8. O-O
Bg7 9. Nc3 O-O 10. Re1 Ne8 11. Bg5 Nc7 12. Nb5 Nxb5 13. Bxb5 Rb8 14. Qe2 a6 15.
Bxa6 Rxb2 16. Qd3 Bxa6 17. Qxa6 Rb6 18. Qd3 Bxa1 19. Rxa1 f6 20. Bd2 Qb8 21. h4
Qb7 22. h5 Rb8 23. Qe3 Rb1+ 24. Rxb1 Qxb1+ 25. Kh2 Nf8 26. g4 Qxa2 27. Nh4 Rb2
{White resigns} 0-1

[Event "Team 45 45 League T78"]
[Site "Internet Chess Club"]
[Date "2018.10.11"]
[Round "4"]
[White "idjit"]
[Black "tightfist"]
[Result "1-0"]
[WhiteElo "1522"]
[BlackElo "1486"]
[Opening "French: Rubinstein variation"]
[ECO "C10"]
[Time "20:30:27"]
[TimeControl "2700+45"]

1. e4 e6 2. d4 d5 3. Nc3 dxe4 4. Nxe4 Nd7 5. Nf3 Ngf6 6. Bd3 Nxe4 7. Bxe4 Nf6 8.
Bg5 Be7 9. Bd3 O-O 10. O-O Nd5 11. Qd2 f5 12. Rfe1 h6 13. Bxe7 Qxe7 14. Ne5 Qf6
15. c4 Ne7 16. f4 Ng6 17. g3 Nxe5 18. Rxe5 Bd7 19. Rae1 b6 20. c5 Rae8 21. Qc3
Qd8 22. Qb3 Kh8 23. Bc4 b5 24. Bd3 a6 25. Qc2 c6 26. a4 Bc8 27. Qc3 g5 28. axb5
axb5 29. b4 gxf4 30. gxf4 Rg8+ 31. Kh1 Qh4 32. Qd2 Bd7 33. Qe3 Rg4 34. Bxf5 Rxf4
35. Bxe6 Bxe6 36. Rxe6 Rxe6 37. Qxe6 Rxd4 38. Qe8+ Kg7 39. Re7+ Kf6 40. Qf8+ Kg6
41. Rg7+ Kh5 42. Qf5+ Qg5 43. Rxg5+ hxg5 44. Qf3+ Kg6 45. Qxc6+ Kh5 46. Qxb5 Rf4
47. c6 Rf2 48. c7 Rc2 49. Qe8+ Kh4 50. c8=Q Rxh2+ 51. Kg1 Rb2 52. Qh8+ Kg3 53.
Qxb2 {Black resigns} 1-0

[Event "Team 45 45 League T78"]
[Site "Internet Chess Club"]
[Date "2018.10.12"]
[Round "4"]
[White "SuperPuzzler"]
[Black "Kingfisher75"]
[Result "1-0"]
[WhiteElo "1406"]
[BlackElo "1522"]
[Opening "French: Tarrasch, closed variation, main line"]
[ECO "C06"]
[Time "22:01:34"]
[TimeControl "2700+45"]

1. e4 e6 2. d4 d5 3. Nd2 Nf6 4. e5 Nfd7 5. c3 c5 6. Bd3 Nc6 7. Ne2 cxd4 8. cxd4
f6 9. exf6 Nxf6 10. Nf3 Bd6 11. O-O Qc7 12. Bg5 O-O 13. Rc1 Ng4 14. Ng3 Qb6 15.
b3 h6 16. Bd2 Nxd4 17. Nxd4 Qxd4 18. Bc3 Qb6 19. Qxg4 e5 20. Qg6 Rf6 21. Qh7+
Kf7 22. Nh5 Bf8 23. Bxe5 {Black resigns} 1-0

[Event "Team 45 45 League T78"]
[Site "Internet Chess Club"]
[Date "2018.10.14"]
[Round "4"]
[White "cityprosecutor"]
[Black "MarcB"]
[Result "1/2-1/2"]
[WhiteElo "1700"]
[BlackElo "1648"]
[Opening "Scandinavian (center counter) defense"]
[ECO "B01"]
[Time "22:09:16"]
[TimeControl "2700+45"]

1. e4 d5 2. exd5 Qxd5 3. Nc3 Qd8 4. d4 Nf6 5. Bc4 a6 6. Nf3 b5 7. Bd3 Bb7 8. O-O
e6 9. Bg5 c5 10. Be4 Bxe4 11. Nxe4 cxd4 12. Nxd4 Be7 13. Nxf6+ Bxf6 14. Qf3 Ra7
15. Bxf6 Qxf6 16. Qc3 O-O 17. Rad1 Rd7 18. Ne2 Rfd8 19. Rxd7 Rxd7 20. Qxf6 gxf6
21. Nc3 Rd2 {Game drawn by mutual agreement} 1/2-1/2